 Dungeon Crawl Stone Soup version 0.21.1-1-g345015f (webtiles) character file.

28 nikopol the Firebug (level 2, -4/15 HPs)
             Began as a Deep Elf Fire Elementalist on Feb 5, 2018.
             Shot with an arrow by a centaur (7 damage)
             ... on level 2 of the Dungeon.
             The game lasted 00:02:16 (858 turns).

nikopol the Firebug (Deep Elf Fire Elementalist)     Turns: 858, Time: 00:02:17

Health: -4/15      AC:  2    Str:  5    XL:     2   Next: 96%
Magic:  8/8        EV: 13    Int: 19    God:
Gold:   117        SH:  0    Dex: 15    Spells: 5/8 levels left

rFire    . . .     SeeInvis .   e - +0 dagger (flame)
rCold    . . .     Gourm    .   (no shield)
rNeg     . . .     Faith    .   a - +0 robe
rPois    .         Spirit   .   (no helmet)
rElec    .         Reflect  .   (no cloak)
rCorr    .         Harm     .   (no gloves)
MR       .....                  (no boots)
Stlth    ++........             (no amulet)
HPRegen  0.05/turn              (no ring)
MPRegen  0.11/turn              (no ring)

@: no status effects
A: no striking features
a: no special abilities


You were on level 2 of the Dungeon.
You were not hungry.

You visited 1 branch of the dungeon, and saw 2 of its levels.

You collected 117 gold pieces.

Inventory:

Hand Weapons
 e - a +0 dagger of flaming (weapon)
Armour
 a - a +0 robe (worn)
Scrolls
 h - 4 scrolls of remove curse {unknown}
 i - a scroll of immolation {unknown}
 j - a scroll of fear {unknown}
Potions
 f - a potion of agility {unknown}
 g - a potion of flight {unknown}
Books
 b - a book of Flames

   Spells                             Type                      Level
   a - Flame Tongue                   Conjuration/Fire             1
   b - Throw Flame                    Conjuration/Fire             2
   c - Conjure Flame                  Conjuration/Fire             3
   d - Inner Flame                    Hexes/Fire                   3
   e - Sticky Flame                   Conjuration/Fire             4
   f - Fireball                       Conjuration/Fire             5
Comestibles
 c - 3 rations
 d - a chunk of flesh


   Skills:
 + Level 2.4 Dodging
 + Level 2.5 Stealth
 + Level 3.6 Spellcasting
 + Level 1.1 Conjurations
 + Level 4.1 Fire Magic


You had 5 spell levels left.
You knew the following spells:

 Your Spells              Type           Power        Failure   Level  Hunger
a - Flame Tongue          Conj/Fire      ##...        4%          1    None
b - Throw Flame           Conj/Fire      ##....       8%          2    ##.....


Dungeon Overview and Level Annotations

Branches:
Dungeon (2/15)

Altars:
Fedhas


Message History

Casting: Flame Tongue
Confirm with . or Enter, or press ? or * to list all spells.
Okay, then.
You see here a jackal corpse.
You butcher the jackal corpse.
d - a chunk of flesh
i - a scroll labeled CEFOULUNUE
j - a scroll labeled MUOZXOA DYENYI
Found a blossoming altar of Fedhas.
HP restored.
A centaur comes into view.
The centaur shouts!
You hear a shout!
The centaur wields a shortbow.
The centaur shoots an arrow.
The arrow hits you.
You see here an arrow.
A kobold comes into view. It is wielding a short sword.
The centaur shoots an arrow.
The arrow hits you!
* * * LOW HITPOINT WARNING * * *
You see here an arrow.
The centaur shoots an arrow.
The arrow hits you!
You die...

#.######## #8...8#
######.........
##.....##
.........####.#
8.....8 ########.#
#.# #.....##########
#.# #.# #8...8
#.......## #.####.#
##_## ######...##
#....... # #####
#####.#.#.########.#
#.#.c.###.(@........#
#.#
#..(.#.#c####.#.#.#.#
#.# #...K#.####.##
##...##.######.#
#...........#
##............#
#....#.######
#####.........
#.####. ########## #
#c #. #.


You could see a centaur.

Vanquished Creatures
  A dart slug (D:1)
  2 leopard geckos
  3 bats (D:1)
  A giant cockroach (D:1)
  2 hobgoblins
  5 jackals
  2 kobolds (D:1)
  2 frilled lizards (D:1)
  A goblin (D:1)
  A rat (D:1)
20 creatures vanquished.

Notes
Turn   | Place    | Note
-------+----------+-------------------------------------------
     0 | D:1      | nikopol the Deep Elf Fire Elementalist began the quest for the Orb.
     0 | D:1      | Reached XP level 1. HP: 10/10 MP: 6/6
    75 | D:1      | Reached XP level 2. HP: 15/15 MP: 2/8
    84 | D:1      | Learned a level 2 spell: Throw Flame
   297 | D:1      | Reached skill level 4 in Fire Magic
   844 | D:2      | Found a blossoming altar of Fedhas.
   850 | D:2      | Noticed a centaur
   858 | D:2      | Shot with an arrow by a centaur

Skill      XL: |  1  2 |
---------------+-------+-----
Fire Magic     | 4 |  4.1
Dodging        | |  2.4
Stealth        | |  2.5
Spellcasting   | |  3.6
Conjurations   | |  1.1

Action                   || total
-------------------------++-------
 Cast: Flame Tongue      ||    29
Armor: Robe              ||     3
Dodge: Dodged            ||    11
